 Dungeon Crawl Stone Soup version 0.24-b1 (webtiles) character file.

Game seed: 914323193522516942, levelgen mode: deterministic

172 HumanIsDead the Poker (level 5, 0/38 HPs)
             Began as a Human Warper on Oct 13, 2019.
             Slain by Natasha (3 damage)
             ... on level 2 of the Dungeon.
             The game lasted 00:06:49 (2903 turns).

HumanIsDead the Poker (Human Warper)                Turns: 2903, Time: 00:06:50

Health: 0/38       AC:  7    Str: 12    XL:     5   Next: 82%
Magic:  8/8        EV:  9    Int: 14    God:
Gold:   89         SH:  0    Dex: 12    Spells: 8/8 levels left

rFire    . . .     SeeInvis .   m - +0 spear (vamp)
rCold    . . .     Gourm    .   (no shield)
rNeg     . . .     Faith    .   p - +0 scale mail
rPois    .         Spirit   .   (no helmet)
rElec    .         Reflect  .   (no cloak)
rCorr    .         Harm     .   n - +0 pair of gloves
MR       .....                  (no boots)
Stlth    ..........             (no amulet)
HPRegen  0.12/turn              (no ring)
MPRegen  0.11/turn              (no ring)

@: slowed, very slow
A: no striking features
a: no special abilities


You were on level 2 of the Dungeon.
You were not hungry.

You visited 1 branch of the dungeon, and saw 3 of its levels.

You collected 89 gold pieces.

Inventory:

Hand Weapons
 a - a +0 spear
 m - a +0 vampiric spear (weapon)
Missiles
 e - a boomerang of dispersal (quivered)
 h - 45 stones
 r - 6 javelins
Armour
 b - a +0 leather armour
 n - a +0 pair of gloves (worn)
 p - a +0 scale mail (worn)
Scrolls
 c - a scroll of fear {unknown}
 d - a scroll of blinking
 i - 5 scrolls of identify {unknown}
 j - 5 scrolls of enchant armour {unknown}
 q - a scroll of remove curse {unknown}
 t - 3 scrolls of teleportation {unknown}
Potions
 g - a potion of flight {unknown}
 k - 2 potions of curing {unknown}
 l - a potion of agility {unknown}
 s - a potion of resistance {unknown}
Comestibles
 f - 3 rations
 o - a chunk of flesh


   Skills:
 - Level 2.0 Fighting
 + Level 5.5 Polearms
 - Level 1.0 Throwing
 - Level 1.0 Armour
 - Level 2.0 Dodging
 - Level 2.0 Spellcasting
   Level 3.0 Translocations


You had 8 spell levels left.
You didn't know any spells.
Your spell library contained the following spells:

 Spells                   Type           Power        Failure   Level  Hunger
 Blink                    Tloc           N/A          50%         2    ###....
 Shroud of Golubria       Chrm/Tloc      #.....       71%         2    ###....
 Gell's Gravitas          Tloc           #.........   73%         3    ####...
 Lesser Beckoning         Tloc           #.........   73%         3    ####...
 Teleport Other           Tloc           #.......     73%         3    ####...
 Passage of Golubria      Tloc           N/A          98%         4    #####..


Dungeon Overview and Level Annotations

Branches:
Dungeon (3/15)

Altars:
Sif Muna

Annotations:
D:2 Natasha


Message History

Natasha wildly gestures.
Natasha glows brightly for a moment.
Natasha claws you.
You barely miss Natasha.
Natasha is moderately wounded.
Natasha barely misses you. The white imp hits you. The white imp freezes you.
Natasha claws you.
Your scale mail prevents you from hitting Natasha.
Natasha is moderately wounded.
The white imp gestures at you. The puff of frost hits you!
Natasha closely misses you. The white imp gestures at you.
The puff of frost hits you.
* * * LOW HITPOINT WARNING * * *
Natasha claws you.
* * * LOW HITPOINT WARNING * * *
Natasha stares at you and mumbles some strange words.
You feel as though you will be slow longer.
Natasha claws you.
You die...

#########.######### ###...
##..........###...†.
##...)............###
#................####
#<...................
#...............#####
######..............##
#....................###
#......÷>@h............##
#..........5......#.....##
#......######..#######....
#......#######.# #.###
#.........).##.# #....
#......####..#.#### ####.
############......# ###..
#........##.####...#
#...........##...###


You could see Natasha and a white imp.

Vanquished Creatures
  Natasha (twice) (D:3 D:2)
  Terence (D:1)
  3 adders
  2 worms (D:1)
  4 dart slugs
  2 leopard geckos (D:2)
  5 bats
  3 giant cockroaches
  6 goblins (D:1)
  8 hobgoblins
  A quokka (D:2)
  2 ball pythons
  2 frilled lizards (D:1)
  9 kobolds
  7 rats
57 creatures vanquished.

Notes
Turn   | Place    | Note
-------+----------+-------------------------------------------
     0 | D:1      | HumanIsDead the Human Warper began the quest for the Orb.
     0 | D:1      | Reached XP level 1. HP: 16/16 MP: 3/3
   277 | D:1      | Reached XP level 2. HP: 22/22 MP: 5/5
   402 | D:1      | Reached skill level 3 in Polearms
   420 | D:1      | Reached XP level 3. HP: 9/27 MP: 6/6
  1118 | D:2      | Noticed Terence
  1698 | D:1      | Killed Terence
  1698 | D:1      | Reached skill level 4 in Polearms
  1698 | D:1      | Reached XP level 4. HP: 26/33 MP: 7/7
  2276 | D:2      | Reached XP level 5. HP: 35/38 MP: 8/8
  2408 | D:2      | Reached skill level 5 in Polearms
  2492 | D:2      | Found a shimmering blue altar of Sif Muna.
  2622 | D:3      | Noticed Natasha
  2651 | D:3      | Killed Natasha
  2666 | D:3      | Noticed Natasha
  2810 | D:2      | Killed Natasha
  2893 | D:2      | Noticed Natasha
  2903 | D:2      | Slain by Natasha

Skill      XL: |  1  2  3  4  5 |
---------------+----------------+-----
Polearms       | 3 4 5 |  5.5
Fighting       | |  2.0
Throwing       | |  1.0
Armour         | |  1.0
Dodging        | |  2.0
Spellcasting   | |  2.0
Translocations | |  3.0

Action                   |  1- 3 |  4- 6 || total
-------------------------+-------+-------++-------
Melee: Spear             |   161 |   191 ||   352
Throw: Boomerang         |     4 |       ||     4
 Stab: Sleeping          |     1 |       ||     1
  Eat: Ration            |     1 |       ||     1
       Chunk             |       |     3 ||     3
Armor: Leather armour    |    29 |       ||    29
       Scale mail        |       |    55 ||    55
Dodge: Dodged            |    67 |    90 ||   157
